 Dungeon Crawl Stone Soup version 0.17-a0-1564-g7b572aa (webtiles) character file.

590 Duffy the Slinger (level 7, -2/60 HPs)
             Began as a Naga Hunter on July 21, 2015.
             Slain by an ogre
             ... wielding a +0 giant club
              (26 damage)
             ... on level 5 of the Dungeon.
             The game lasted 00:09:42 (5638 turns).

Duffy the Slinger (Naga Hunter)                     Turns: 5638, Time: 00:09:42

Health: -2/60      AC:  8    Str: 14    XL:     7   Next: 38%
Magic:  7/7        EV:  4    Int: 12    God:
Gold:   148        SH:  0    Dex: 13    Spells: 0 memorised, 6 levels left

rFire  + . .     SeeInvis +     a - +1 hunting sling
rCold  . . .     Clarity  .     i - +1 chain mail {rF+}
rNeg   . . .     SustAt   .     (no shield)
rPois  +         Gourm    .     p - +0 helmet
rElec  .         Spirit   .     (no cloak)
rCorr  .         Warding  .     (no gloves)
rMut   .         Stasis   .     (no barding)
MR     .....                    w - amulet of faith
Stlth  ..........               (no ring)
                                B - ring of stealth

@: very slow, not resistant to hostile enchantments, extremely unstealthy
A: see invisible, deformed body, poison resistance, slowness 2, slow metabolism
1, spit poison 2, AC +2
a: Spit Poison


You were on level 5 of the Dungeon.
You were not hungry.

You visited 2 branches of the dungeon, and saw 6 of its levels.
You also visited: Sewer.

You collected 148 gold pieces.


Innate Abilities, Weirdness & Mutations

You cannot wear boots.
Your serpentine skin is tough (AC +2).
You have supernaturally acute eyesight.
Armour fits poorly on your strangely shaped body.
Your system is resistant to poisons.
You cover ground very slowly.
You have a slow metabolism.
You can spit poison.


   Skills:
 - Level 2.0 Fighting
 + Level 8.0 Slings
 - Level 1.5 Dodging
 - Level 1.5 Stealth


You had 6 spell levels left.
You didn't know any spells.

Inventory:

Hand weapons
 a - a +1 hunting sling (weapon)
 c - a +0 short sword
Missiles
 b - 20 sling bullets
 g - 54 stones (quivered)
 v - 15 poisoned needles
 x - 6 javelins of penetration
Armour
 i - a +1 chain mail of fire resistance (worn)
 p - a +0 helmet (worn)
 y - a +0 shield
Magical staves
 A - an uncursed staff of earth {unknown}
Jewellery
 w - an amulet of faith (around neck)
 B - a ring of stealth (left hand)
Magical devices
 E - a wand of polymorph (11)
Scrolls
 f - 2 scrolls of teleportation {unknown}
 n - 3 scrolls of identify {unknown}
 q - 2 scrolls of immolation {unknown}
 r - 2 scrolls of noise {unknown}
 s - 5 scrolls of remove curse
 C - a scroll of fog {unknown}
 D - a scroll of amnesia {unknown}
Potions
 d - a potion of curing
 j - 2 potions of heal wounds {unknown}
 k - 2 potions of magic {unknown}
 l - a potion of agility
 m - 3 potions of flight {unknown}
 o - a potion of poison {unknown}
 t - 3 potions of degeneration {unknown}
Comestibles
 e - 4 bread rations
 h - a royal jelly
 u - a slice of pizza
 z - 2 meat rations

Dungeon Overview and Level Annotations

Branches:
Dungeon (5/15)             Temple (1/1) D:5

Altars:
Dithmenos
Elyvilon
Fedhas
Gozag
Makhleb
Nemelex Xobeh
Okawaru
Qazlal
Ru
Sif Muna
Trog
Xom
Yredelemnul
Zin
The Shining One

Annotations:
D:3 Sigmund
D:5 Blork the orc


Message History

Press: ? - help, Shift-Dir - straight line, f/p - ogre
Aim: an ogre, wielding a giant club (moderately wounded)
You shoot a stone. The stone barely misses the ogre.
The ogre barely misses you.
Firing (i - inventory. (,) - cycle):
g - 58 stones (quivered)
Press: ? - help, Shift-Dir - straight line, f/p - ogre
Aim: an ogre, wielding a giant club (moderately wounded)
You shoot a stone. The stone hits the ogre.
The ogre is heavily wounded.
Firing (i - inventory. (,) - cycle):
g - 57 stones (quivered)
Press: ? - help, Shift-Dir - straight line, f/p - ogre
Aim: an ogre, wielding a giant club (heavily wounded)
You shoot a stone. The stone hits the ogre.
The ogre is severely wounded.
The ogre hits you with a giant club!
Firing (i - inventory. (,) - cycle):
g - 56 stones (quivered)
Press: ? - help, Shift-Dir - straight line, f/p - ogre
Aim: an ogre, wielding a giant club (severely wounded)
You shoot a stone.
The stone hits the ogre but does no damage.
The ogre is severely wounded.
The ogre hits you with a giant club!!
You are too injured to fight recklessly!
You are too injured to fight recklessly!
You are too injured to fight recklessly!
You are too injured to fight recklessly!
You are too injured to fight recklessly!
There are no items here.
Firing (i - inventory. (,) - cycle):
g - 55 stones (quivered)
Press: ? - help, Shift-Dir - straight line, f/p - ogre
Aim: an ogre, wielding a giant club (severely wounded)
You shoot a stone. The stone hits the ogre.
The ogre is severely wounded.
The ogre hits you with a giant club!!
You die...

#.
#......#....#
#+
########....#
##.### ####
#....# ###...
#....# #.÷÷..
#..).# #.##'#
#....# #.#≈≈≈
#[...# #.#≈≈≈
########@###
#.#≈.≈
...o(..#O#
#.#≈≈≈ #(((.#
#.#≈≈≈ #....#
##.####
#....#
#......
#....#
#......
#....#
#......
#....#
#......
#....#
#......


You could see an ogre.

Action                   |  1- 3 |  4- 6 |  7- 9 || total
-------------------------+-------+-------+-------++-------
Melee: Short sword       |    18 |       |       ||    18
 Fire: Hunting sling     |   196 |   398 |    93 ||   687
  Use: Scroll            |       |       |     1 ||     1
 Stab: Sleeping          |     1 |       |       ||     1
  Eat: Chunk             |     1 |     6 |     3 ||    10

Notes
Turn   | Place    | Note
--------------------------------------------------------------
     0 | D:1      | Duffy the Naga Hunter began the quest for the Orb.
     0 | D:1      | Reached XP level 1. HP: 19/19 MP: 1/1
   304 | D:1      | Reached skill level 4 in Slings
   304 | D:1      | Reached XP level 2. HP: 20/26 MP: 2/2
  1258 | D:2      | Reached XP level 3. HP: 28/32 MP: 3/3
  2076 | D:2      | Reached skill level 5 in Slings
  2076 | D:2      | Reached XP level 4. HP: 26/39 MP: 4/4
  2436 | D:2      | Found a basalt altar of Yredelemnul.
  2436 | D:2      | Found a shadowy altar of Dithmenos.
  2689 | D:3      | Noticed Robin
  2691 | D:3      | Killed Robin
  2815 | D:3      | Noticed Sigmund
  3029 | D:2      | Reached XP level 5. HP: 45/45 MP: 5/5
  3142 | D:4      | Noticed a centaur
  3149 | D:4      | Killed a centaur
  3149 | D:4      | Reached skill level 6 in Slings
  3538 | D:4      | Noticed a phantom
  3609 | D:4      | Killed a phantom
  3609 | D:4      | Reached XP level 6. HP: 23/52 MP: 6/6
  4178 | D:5      | Entered Level 5 of the Dungeon
  4207 | D:5      | Reached skill level 7 in Slings
  4229 | D:5      | Found a glowing drain.
  4287 | Sewer    | Entered a sewer
  4563 | Sewer    | Reached XP level 7. HP: 24/60 MP: 7/7
  4566 | Sewer    | Found a glowing silver altar of Zin.
  4870 | D:5      | Found a staircase to the Ecumenical Temple.
  4888 | Temple   | Entered the Ecumenical Temple
  4981 | D:5      | Found a sacrificial altar of Ru.
  5508 | D:5      | Reached skill level 8 in Slings
  5630 | D:5      | Noticed Blork the orc
  5638 | D:5      | Slain by an ogre

Vault maps used:
D:1:      minmay_arrival_shoal_huts, minmay_strange_pillars, minivault_11
D:2:      minmay_door_path, grunt_temple_overflow_open
D:3:      lemuel_doored_altar, gammafunk_temple_overflow_pools, serial_glass,
          glass_columns_b, glass_columns_a, uniq_grinder, uniq_robin,
          uniq_sigmund, uniq_terence
D:4:      lemuel_castle_with_subvaults, first_bread, minmay_misc_feat_hallway
D:5:      nicolae_ru_great_annihilating_truth, minmay_temple_entry_butterflies,
          gup_sewer_entry_glass, uniq_crazy_yiuf_cottage, uniq_blork_the_orc
Temple:   circular_temple_12
Sewer:    sewer_kobolds

Vanquished Creatures
  A phantom
  A big kobold
  A centaur
  A jelly
  A hound
  An orc wizard
  A worker ant Robin
  7 adders
  A gnoll
  3 river rats
  3 worms
  4 giant geckos
  6 orcs
  12 giant cockroaches
  15 hobgoblins
  6 jackals
  17 kobolds
  2 ball pythons
  4 bats
  5 giant newts
  22 goblins
  12 rats
127 creatures vanquished.
